 Dungeon Crawl Stone Soup version 0.30.0-29-ga12c61a403 (webtiles) character file.

Game seed: 13036646039075431462

93 qw the Chopper (level 4, -4/28 HPs)
             Began as a Gargoyle Fighter on June 3, 2023.
             Slain by a gnoll
             ... wielding a +0 halberd
              (6 damage)
             ... on level 2 of the Dungeon.
             The game lasted 00:00:43 (1429 turns).

qw the Chopper (Gargoyle Fighter)                   Turns: 1429, Time: 00:00:44

Health: -4/28      AC: 12    Str: 21    XL:     4   Next: 61%
Magic:  4/4        EV:  7    Int:  9    God:
Gold:   106        SH:  4    Dex:  9    Spells: 3/3 levels left

rFire   . . .        Y - +0 war axe
rCold   . . .        c - +0 buckler
rNeg    + . .        i - +0 chain mail
rPois   inf          (no helmet)
rElec   +            (no cloak)
rCorr   .            (no gloves)
SInv    .            (no boots)
Will    .....        (no amulet) Stlth
                     (no ring)
HPRegen 0.24/turn    (no ring)
MPRegen 0.09/turn

%: no passive effects
@: about to teleport
A: sickness immunity, AC +3, negative energy resistance 1, electricity
resistance, torment resistance 1, petrification resistance
a: no special abilities


You were on level 2 of the Dungeon.
You visited 1 branch of the dungeon, and saw 2 of its levels.

You collected 106 gold pieces.


Innate Abilities, Weirdness & Mutations

You are immune to sickness and miasma.
Your stone body is resilient. (AC +3)
You are immune to poison.
You resist negative energy. (rN+)
You are resistant to electric shocks. (rElec)
You are resistant to unholy torment.
You are immune to petrification.


   Skills:
 - Level 3.2 Fighting
 + Level 4.2 Axes
 - Level 3.2 Armour
 - Level 3.2 Shields


You had 3 spell levels left.
You didn't know any spells.
Your spell library was empty.

Inventory:

Hand Weapons
 k - a +0 whip
 Y - a +0 war axe (weapon)
Armour
 c - a +0 buckler (worn)
 i - a +0 chain mail (worn)
Scrolls
 b - 2 scrolls of identify {unknown}
 f - 2 scrolls of fear {unknown}
 h - a scroll of butterflies {unknown}
Potions
 a - a potion of haste {unknown}
 d - a potion of might
 e - a potion of lignification {unknown}
 j - a potion of curing {unknown}

Dungeon Overview and Level Annotations

Branches:
Dungeon (2/15)

Altars:
Gozag


Message History

The gnoll hits you but does no damage.
Enter note:
Enter note:
Enter note: You slash the gnoll!
You kill the gnoll!
The gnoll hits you but does no damage.
You hit the gnoll but do no damage. The gnoll hits you with a +3 flail!
The gnoll hits you but does no damage.
You slash the gnoll!
The gnoll is severely wounded.
The gnoll hits you but does no damage.
The gnoll hits you from afar with a +0 halberd.
You block the gnoll's attack. x2
You hit the gnoll but do no damage.
The gnoll is severely wounded.
The gnoll barely misses you. x2
You closely miss the gnoll.
The gnoll is severely wounded.
You block the gnoll's attack. x2
You hit the gnoll.
The gnoll is severely wounded.
You block the gnoll's attack.
The gnoll hits you from afar with a +0 halberd.
The gnoll barely misses you. x2
You barely miss the gnoll.
The gnoll is severely wounded.
The gnoll barely misses you. The gnoll hits you but does no damage.
You hit the gnoll.
The gnoll is almost dead.
The gnoll hits you with a +3 flail. The gnoll barely misses you.
You slash the gnoll!
You kill the gnoll!
The gnoll hits you from afar with a +0 halberd.
1428 ||| READING scroll of teleportation.
As you read the scroll of teleportation, it crumbles to dust.
You feel strangely unstable.
The gnoll hits you from afar with a +0 halberd.
The gnoll hits you with a +0 halberd.
You die...

.. ..........#.#
.#.#.......#.#.#.#
...#..........#.##
.............#..####
.....#...#.#.#..#...
####...#...#<#.#......
#..............#..#...
#g#)#......##..#...
.####.@...............#
.......................#
#.........%..........#.#
#.#########.#....#...#.#
# #............#
#######..........#.#
...................#
########...........#
#.......###.#


You could see a gnoll.

Vanquished Creatures
  2 gnolls (D:2)
  3 adders (D:2)
  4 ball pythons
  5 bats
  4 endoplasms
  3 giant cockroaches (D:1)
  6 goblins
  2 hobgoblins (D:1)
  11 kobolds
  A quokka (D:1)
  A rat (D:1)
42 creatures vanquished.

Notes
Turn   | Place    | Note
-------+----------+-------------------------------------------
     0 | D:1      | qw the Gargoyle Fighter began the quest for the Orb.
     0 | D:1      | Reached XP level 1. HP: 14/14 MP: 1/1
     0 | D:1      | 0 ||| qw: Version: 0.2-a-103-g5a998e5
     0 | D:1      | 0 ||| qw: Game counter: 1047
     0 | D:1      | 0 ||| qw: Always use a shield: true
     0 | D:1      | 0 ||| qw: God list: Okawaru
     0 | D:1      | 0 ||| qw: Allow faded altars: false
     0 | D:1      | 0 ||| qw: Do Orc after D:15 true
     0 | D:1      | 0 ||| qw: Do second Lair branch before Depths: true
     0 | D:1      | 0 ||| qw: Lair rune preference: random
     0 | D:1      | 0 ||| qw: Plans: Normal, Zot:1-4, Slime:5, God:TSO, Crypt,
                  | Tomb, Pan, Hells, Abyss, Win
     0 | D:1      | 0 ||| PLANNING D:1-11
    39 | D:1      | 39 ||| Stepping ~*~*~tactically~*~*~ (stealth).
    41 | D:1      | Reached skill level 2 in Axes
    75 | D:1      | Reached XP level 2. HP: 19/19 MP: 2/2
   270 | D:1      | 270 ||| Stepping ~*~*~tactically~*~*~ (stealth).
   292 | D:1      | 292 ||| Stepping ~*~*~tactically~*~*~ (stealth).
   648 | D:1      | Reached skill level 3 in Axes
   674 | D:1      | Reached XP level 3. HP: 23/23 MP: 3/3
   800 | D:1      | 800 ||| DROPPING +0 club.
   865 | D:1      | 865 ||| UPGRADING to +0 chain mail.
   875 | D:1      | 875 ||| DROPPING +0 scale mail.
   876 | D:1      | 876 ||| READING scroll labelled WUOXUL JEUHIOS.
   877 | D:1      | 877 ||| READING 2 scrolls labelled ECOELY QOEKY.
   881 | D:1      | 881 ||| READING scroll labelled GERGHU TUIKUNT.
   949 | D:2      | Found a faded altar of an unknown god.
  1214 | D:2      | Found an opulent altar of Gozag.
  1260 | D:2      | Reached XP level 4. HP: 23/28 MP: 4/4
  1398 | D:2      | Reached skill level 4 in Axes
  1412 | D:2      | 1412 ||| Stepping ~*~*~tactically~*~*~ (stealth).
  1415 | D:2      | 1415 ||| Stepping ~*~*~tactically~*~*~ (hiding).
  1417 | D:2      | 1417 ||| Stepping ~*~*~tactically~*~*~ (stealth).
  1427 | D:2      | HP: 5/28 [gnoll/+0 halberd (4)]
  1428 | D:2      | 1428 ||| READING scroll of teleportation.
  1428 | D:2      | HP: 2/28 [gnoll/+0 halberd (3)]
  1429 | D:2      | Slain by a gnoll

Levels and vault maps discovered:
D:1:      dpeg_arrival_signposts, layout_basic
D:2:      layout_basic, hellmonk_ecumenical_altar_pennies_from_heaven,
          serial_curves, eino_curves_03, eino_curves_03, eino_curves_03,
          basic_altar, hangedman_abyss_or_decor_lesser_grid,
          minmay_goblin_kobold_house

Skill      XL: |  1  2  3  4 |
---------------+-------------+-----
Axes           | 2 3 4 |  4.2
Fighting       | |  3.2
Armour         | |  3.2
Shields        | |  3.2

Action                     |  1- 3 |  4- 6 || total
---------------------------+-------+-------++-------
  Melee: War axe           |   101 |    36 ||   137
    Use: Scroll            |     3 |     1 ||     4
 Armour: Scale mail        |    23 |       ||    23
         Chain mail        |    38 |    20 ||    58
  Dodge: Dodged            |    33 |    14 ||    47
  Block: Buckler           |    22 |    10 ||    32

Table legend:
 A = Non-vault XP
 B = Vault XP
 C = Vault XP percentage of total XP
 D = Non-vault monster count
 E = Vault monster count
 F = Vault count percentage of total count
                 A         B        C        D         E       F
            +---------+---------+-------+---------+---------+-------
      Total |     123 |      10 |   7.5 |      34 |       8 |  19.0
            +---------+---------+-------+---------+---------+-------
        D:1 |      38 |       0 |   0.0 |      20 |       0 |   0.0
        D:2 |      85 |      10 |  10.5 |      14 |       8 |  36.4
            +---------+---------+-------+---------+---------+-------
